 Dungeon Crawl Stone Soup version 0.29-a0-982-gaed3a0c8d8 (webtiles) character file.

Game seed: 5253586036427758260

860 leavemydog the Cleaver (level 8, -12/68 HPs)
             Began as a Hill Orc Fighter on Aug 1, 2022.
             Was a Believer of Uskayaw.
             Mangled by an ogre
             ... wielding a +0 giant spiked club
              (15 damage)
             ... on level 5 of the Dungeon.
             The game lasted 00:06:28 (5733 turns).

leavemydog the Cleaver (Hill Orc Fighter)           Turns: 5733, Time: 00:06:29

Health: -12/68     AC:  9    Str: 21    XL:     8   Next: 2%
Magic:  0/8        EV:  9    Int:  8    God:    Uskayaw [**....]
Gold:   208        SH:  5    Dex: 16    Spells: 7/7 levels left

rFire   . . .      SeeInvis .   a - +0 war axe
rCold   . . .      Faith    .   c - +0 buckler
rNeg    + + .      Spirit   +   b - +0 scale mail
rPois   .          Reflect  .   (no helmet)
rElec   .          Harm     .   h - +0 cloak
rCorr   .          Rampage  .   o - +0 pair of gloves
Will    +....                   (no boots)
Stlth   ..........              p - amulet of guardian spirit
HPRegen 0.21/turn               s - ring of positive energy
MPRegen 0.11/turn               x - ring "Ubbo" {+Blink rN+ Will+ Dex+6}

@: no status effects
A: no striking features
a: Renounce Religion, Evoke Blink, Stomp, Line Pass


You were on level 5 of the Dungeon.
You worshipped Uskayaw.
Uskayaw was noncommittal.
You visited 2 branches of the dungeon, and saw 6 of its levels.

You collected 208 gold pieces.

Inventory:

Hand Weapons
 a - a +0 war axe (weapon)
Armour
 b - a +0 scale mail (worn)
 c - a +0 buckler (worn)
 f - a +0 pair of gloves
 h - a +0 cloak (worn)
 o - a +0 pair of gloves (worn)
 w - the +2 robe "Damnable Contraption" {Str+3 Stlth+}
   (You found it on level 3 of the Dungeon)

   Str:       It affects your strength (+3).
   Stlth:     It makes you more stealthy.
Jewellery
 p - an amulet of guardian spirit (around neck)
 s - a ring of positive energy (left hand)
 x - the ring "Ubbo" (right hand) {+Blink rN+ Will+ Dex+6}
   (You found it on level 4 of the Dungeon)

   [ring of dexterity]

   Dex:       It affects your dexterity (+6).
   rN:        It protects you from negative energy.
   +Blink:    It lets you blink.
   Will:      It increases your willpower.
Wands
 z - a wand of iceblast (5)
Scrolls
 j - a scroll of identify {unknown}
 k - a scroll of fear {unknown}
 l - 2 scrolls of vulnerability {unknown}
 r - 2 scrolls of immolation {unknown}
 u - a scroll of enchant armour {unknown}
 v - a scroll of torment
 y - a scroll of summoning {unknown}
Potions
 d - a potion of might
 e - a potion of attraction {unknown}
 g - a potion of ambrosia {unknown}
 i - a potion of heal wounds {unknown}
 m - 2 potions of mutation {unknown}
 n - 2 potions of brilliance {unknown}
 q - a potion of degeneration {unknown}
 t - a potion of cancellation {unknown}


   Skills:
 + Level 5.0 Fighting
 * Level 9.5 Axes
 + Level 5.3 Armour
 + Level 4.0 Shields


You had 7 spell levels left.
You didn't know any spells.
Your spell library contained the following spells:

 Spells                   Type           Power      Damage    Failure   Level
 Sting                    Tmut/Pois      0%         1d3       82%         1
 Poisonous Vapours        Pois/Air       0%         N/A       91%         2
 Olgreb's Toxic Radiance  Pois           0%         N/A       100%        4


Dungeon Overview and Level Annotations

Branches:
Dungeon (5/15)             Temple (1/1) D:5

Altars:
Ashenzari
Cheibriados
Dithmenos
Elyvilon
Gozag
Hepliaklqana
Kikubaaqudgha
Makhleb
Okawaru
Ru
Sif Muna
Uskayaw
Vehumet
Wu Jian
Xom
Yredelemnul
The Shining One


Message History

Found a burning altar of Makhleb.
A crimson imp is nearby!
There is an open door here.
You hit the crimson imp.
The crimson imp is heavily wounded.
The crimson imp hits you but does no damage.
You barely miss the crimson imp.
The crimson imp is moderately wounded.
The crimson imp barely misses you.
You completely miss the crimson imp.
The crimson imp is moderately wounded.
The crimson imp barely misses you.
You barely miss the crimson imp.
The crimson imp is lightly wounded.
The crimson imp hits you but does no damage.
You slash the crimson imp!
The crimson imp is almost dead.
The crimson imp closely misses you.
You can now pass through a line of other dancers.
You hit the crimson imp.
You kill the crimson imp!
You have reached level 8!
An ogre comes into view. It is wielding a +0 giant spiked club.
The ogre hits you with a +0 giant spiked club!!
You slash the ogre!
The ogre is moderately wounded.
The ogre hits you with a +0 giant spiked club!!
You barely miss the ogre.
The ogre is moderately wounded.
You slash the ogre!
The ogre is heavily wounded.
The ogre hits you with a +0 giant spiked club!!
* * * LOW HITPOINT WARNING * * *
You hear a shout!
You can now pass through a line of other dancers.
You don't have enough magic at the moment.
Okay, then.
The ogre attacks as you move away!
The ogre hits you with a +0 giant spiked club!
You die...

.....# ..........
##.#### ..............
.......
####..........#
.......
####..........#
.......
..##........... .....
..............###...
............#...#O#
#............##.@.###
#...................#
#..............###...#
...[.....)......#
#.....
.######........##
##... ..............##
.. ....##........# .
....###.......#######.
.......##'##..........


You could see an ogre.

Vanquished Creatures
  A water moccasin (D:5)
  An ogre (D:5)
  Blork the orc (D:4)
  2 necrophages (D:5)
  A howler monkey (D:4)
  A crimson imp (D:5)
  A hound (D:4)
  An orc priest (D:5)
  3 jellies
  An orc wizard (D:5)
  4 gnolls (D:4)
  7 adders
  2 ufetubi (D:5)
  A worm (D:4)
  4 dart slugs
  9 orcs
  7 bats
  23 endoplasms
  4 giant cockroaches
  6 goblins
  8 hobgoblins
  3 jackals (D:1)
  11 kobolds
  5 quokkas
  7 ball pythons
  A frilled lizard (D:1)
  4 rats
119 creatures vanquished.

Vanquished Creatures (others)
  9 fungi (D:3)
  6 toadstools (D:3)
15 creatures vanquished.

Grand Total: 134 creatures vanquished

Notes
Turn   | Place    | Note
-------+----------+-------------------------------------------
     0 | D:1      | leavemydog the Hill Orc Fighter began the quest for the
                  | Orb.
     0 | D:1      | Reached XP level 1. HP: 19/19 MP: 1/1
     1 | D:1      | Noticed an electric eel
   222 | D:1      | Reached skill level 3 in Axes
   222 | D:1      | Reached XP level 2. HP: 24/27 MP: 2/2
   566 | D:1      | Reached XP level 3. HP: 33/33 MP: 3/3
   928 | D:2      | Reached skill level 4 in Axes
  1452 | D:2      | Reached XP level 4. HP: 39/40 MP: 4/4
  1822 | D:2      | Found a faded altar of an unknown god.
  1925 | D:3      | Found a shadowy altar of Dithmenos.
  2029 | D:3      | Found a sacrificial altar of Ru.
  2159 | D:3      | Found an opulent altar of Gozag.
  2723 | D:3      | Reached skill level 5 in Axes
  2727 | D:3      | Reached XP level 5. HP: 26/47 MP: 3/5
  2960 | D:3      | Identified the +2 robe "Damnable Contraption" {Str+3
                  | Stlth+}
  3273 | D:4      | Identified the ring "Ubbo" {+Blink rN+ Will+ Dex+6}
  3280 | D:4      | Reached skill level 6 in Axes
  3484 | D:4      | Reached XP level 6. HP: 50/53 MP: 6/6
  4003 | D:4      | Noticed Blork the orc
  4012 | D:4      | Killed Blork the orc
  4013 | D:4      | Reached skill level 7 in Axes
  4665 | D:5      | Entered Level 5 of the Dungeon
  4665 | D:5      | Noticed a water moccasin
  4678 | D:5      | Killed a water moccasin
  4679 | D:5      | Reached skill level 8 in Axes
  4679 | D:5      | Reached XP level 7. HP: 11/60 MP: 1/7
  4996 | D:5      | Found a staircase to the Ecumenical Temple.
  5006 | Temple   | Entered the Ecumenical Temple
  5288 | Temple   | Became a worshipper of Uskayaw the Reveller
  5302 | D:5      | Reached * piety under Uskayaw
  5304 | D:5      | Reached ** piety under Uskayaw
  5306 | D:5      | Reached *** piety under Uskayaw
  5307 | D:5      | Reached skill level 5 in Armour
  5426 | D:5      | Reached skill level 9 in Axes
  5571 | D:5      | Reached skill level 5 in Fighting
  5709 | D:5      | Found a burning altar of Makhleb.
  5717 | D:5      | Reached XP level 8. HP: 68/68 MP: 8/8
  5732 | D:5      | HP: 3/68 [ogre/+0 giant spiked club (27)]
  5733 | D:5      | Mangled by an ogre

Illustrated notes

Levels and vault maps discovered:
D:1:      arrival_aquarium_a, layout_basic, hangedman_glass_teeth,
          minmay_misc_feat_roman, hangedman_decor_growths
D:2:      layout_basic, shapermc_ecumenical_altar_venn
D:3:      cheibrodos_fertilizer, layout_loops_ring,
          nicolae_dithmenos_shadow_blocks, lemuel_round_altar,
          grunt_gozag_statues
D:4:      layout_basic, kennysheep_generic_room_4, uniq_blork_the_orc
D:5:      layout_rooms, makhleb_grotto_becter, minmay_temple_entry_stoned_glass
Temple:   nicolae_temple_figure_eight

Skill      XL: |  1  2  3  4  5  6  7 |
---------------+----------------------+-----
Axes           | 3 4 5 6 8 9 |  9.5
Fighting       | 4 5 |  5.0
Armour         | 4 5 |  5.3
Shields        | 4 |  4.0

Action                   |  1- 3 |  4- 6 |  7- 9 || total
-------------------------+-------+-------+-------++-------
Melee: War axe           |   106 |   157 |    53 ||   316
  Use: Potion            |       |     3 |       ||     3
       Scroll            |       |     1 |       ||     1
 Stab: Paralysed         |       |       |     2 ||     2
Armor: Scale mail        |    45 |    67 |    18 ||   130
Dodge: Dodged            |    64 |    70 |    25 ||   159
Block: Buckler           |    17 |    32 |    12 ||    61

Table legend: (Time is in decaauts)
 A = Elapsed time spent in this place.
 B = Non-inter-level travel time spent in this place.
 C = Inter-level travel time spent in this place.
 D = Time resting spent in this place.
 E = Time spent auto-exploring this place.
 F = Levels seen in this place.
 G = Mean time per level.
                   A        B        C        D        E       F      G
               +--------+--------+--------+--------+--------+-----+--------+
         Total |   5818 |   5705 |    113 |    939 |   3983 |   6 |  969.7 |
       Dungeon |   5523 |   5426 |     97 |    858 |   3789 |   5 | 1104.6 |
        Temple |    294 |    278 |     16 |     81 |    194 |   1 |  294.0 |
               +--------+--------+--------+--------+--------+-----+--------+

Top non-repeatable levels by time:
     D:4: 1865 daAuts
     D:3: 1239 daAuts
     D:2: 974 daAuts
     D:1: 931 daAuts
     D:5: 512 daAuts
  Temple: 294 daAuts
